Cogmind - Beta 9 @@@ ROGUE MODE // 2019.10.28 @ 19:53:03 Player: Eggking Result: Destroyed by S-27 Virus with Autogun Performance ------------- Evolutions (3) 1500 Regions Visited (13) 2600 Robots Destroyed (104) 520 Value Destroyed (4157) 4157 Prototype IDs (5) 100 Alien Tech Used (0) 0 Bonus (2695) 2695 TOTAL SCORE: 11572 Bonus ------- High Alert Combat Kills 146 Follower Combat Kills 249 Entered Garrisons 800 Used RIF Installer 1500 Cogmind --------- Core Integrity 0/700 Matter 285/300 Energy 325/325 System Corruption 1% Temperature Cool (0) Location -7/Garrison Parts ------- Power (1) Antimatter Reactor Propulsion (3) Armored Wheel Armored Wheel Utility (6) Large Storage Unit Large Storage Unit High-capacity Storage Unit High-capacity Storage Unit Relay Coupler [Grunt] (22) Relay Coupler [Sentry] (18) Weapon (3) Remote Datajack Chainsword Spear Inventory (32) Antimatter Reactor Antimatter Reactor Armored Wheel Armored Huge Wheel Large Storage Unit Large Storage Unit Improved Melee Analysis Suite Improved Medium Armor Plating Insulated Plating Relay Coupler [NC] (33) Relay Coupler [Swarmer] (42) Relay Coupler [Grunt] (30) Relay Coupler [Duelist] (35) Relay Coupler [Hunter] (18) System Backup Module Advanced Assault Cannon Advanced Assault Cannon Advanced Assault Cannon Bore Cannon Bore Cannon Bore Cannon Bore Cannon Improved Proton Missile Launcher Remote Datajack Peak State ------------ Power Antimatter Reactor Propulsion Wheel Armored Wheel Armored Wheel Utility Large Storage Unit Large Storage Unit Large Storage Unit Large Storage Unit Relay Coupler [Grunt] Relay Coupler [Sentry] Weapon Greatsword Spear Inventory Heavy Ion Engine Antimatter Reactor Antimatter Reactor Antimatter Reactor Armored Wheel Armored Wheel Armored Wheel Armored Huge Wheel Disposable Heat Sink Improved Melee Analysis Suite Improved Medium Armor Plating Insulated Plating Relay Coupler [NC] Relay Coupler [Swarmer] Relay Coupler [Grunt] Relay Coupler [Duelist] Relay Coupler [Hunter] Advanced Assault Cannon Advanced Assault Cannon Advanced Assault Cannon Bore Cannon Bore Cannon Bore Cannon Bore Cannon Improved Proton Missile Launcher Improved Datajack Chainsword [Rating: 46] Favorites ----------- Power Improved Ion Engine Engine Improved Ion Engine Power Core Light Nuclear Core Reactor Antimatter Reactor Propulsion Armored Wheel Leg Aluminum Leg Wheel Armored Wheel Utility Large Storage Unit Storage Large Storage Unit Hackware Relay Coupler [Sentry] Protection Reactive Plating Weapon Minigun Energy Gun Improved Medium Laser Ballistic Gun Minigun Ballistic Cannon Advanced Assault Cannon Special Weapon Remote Datajack Slashing Weapon Greatsword Piercing Weapon Spear Special Melee Weapon Improved Datajack Build | -11 -10 -10 -9 -8 -8 -8 -8 -7 -7 -7 -7 -7 -7 ------- Run | Scr Mat Min Mat Mat Gar Mat Gar Fac Was Fac Gar Fac Gar Slots Evolved 6 | . . . 2 2 . . . 2 . . . . . Power . | . . . . . . . . . . . . . . Propulsion 1 | . . . 1 . . . . . . . . . . Utility 4 | . . . 1 1 . . . 2 . . . . . Weapon 1 | . . . . 1 . . . . . . . . . Parts Attached 95 | . 1 . 21 18 15 . 3 23 1 5 . 8 . Power 9 | . . . 2 2 . . . 3 1 . . 1 . Engine 6 | . . . 2 2 . . . 2 . . . . . Core 1 | . . . . . . . . 1 . . . . . Reactor 2 | . . . . . . . . . 1 . . 1 . Propulsion 34 | . . . 9 8 4 . . 8 . 3 . 2 . Treads . | . . . . . . . . . . . . . . Leg 13 | . . . 9 4 . . . . . . . . . Wheel 21 | . . . . 4 4 . . 8 . 3 . 2 . Hover . | . . . . . . . . . . . . . . Flight . | . . . . . . . . . . . . . . Utility 19 | . 1 . 3 2 2 . 1 5 . 2 . 3 . Device . | . . . . . . . . . . . . . . Storage 13 | . 1 . 3 . 1 . 1 2 . 2 . 3 . Processor . | . . . . . . . . . . . . . . Hackware 3 | . . . . . . . . 3 . . . . . Protection 3 | . . . . 2 1 . . . . . . . . Artifact . | . . . . . . . . . . . . . . Weapon 33 | . . . 7 6 9 . 2 7 . . . 2 . Energy Gun 6 | . . . 4 1 . . . 1 . . . . . Energy Cannon . | . . . . . . . . . . . . . . Ballistic Gun 13 | . . . 3 4 4 . . 2 . . . . . Ballistic Cannon 2 | . . . . 1 1 . . . . . . . . Launcher . | . . . . . . . . . . . . . . Special Weapon 1 | . . . . . . . . . . . . 1 . Impact Weapon . | . . . . . . . . . . . . . . Slashing Weapon 7 | . . . . . 3 . 2 1 . . . 1 . Piercing Weapon 1 | . . . . . . . . 1 . . . . . Special Melee Weapon 3 | . . . . . 1 . . 2 . . . . . Unidentified Prototypes 5 | . . . 1 2 . . . 1 . . . 1 . Parts Lost 48 | . . . 11 8 5 . 1 16 . 1 . 5 1 Power 10 | . . . 2 2 . . . 4 . . . 2 . Propulsion 21 | . . . 5 3 1 . . 8 . 1 . 2 1 Utility 4 | . . . . 1 1 . 1 1 . . . . . Weapon 13 | . . . 4 2 3 . . 3 . . . 1 . Highest Loss Streak 7 | . . . 4 4 2 . 1 7 . 1 . 3 1 Average Slot Usage (%) 93 | . 95 100 93 93 96 100 99 89 90 91 92 88 100 Engine 5 | . 14 14 10 8 9 9 9 3 . . . . . Reactor 1 | . . . . . . . . . 5 7 7 4 7 Leg 9 | . 28 28 30 19 . . . . . . . . . Wheel 15 | . . . . 6 25 27 27 19 23 22 23 20 23 Storage 28 | . 24 28 30 27 27 27 27 29 30 29 30 29 30 Hackware 6 | . . . . . . . . 14 15 15 15 15 15 Protection 2 | . . . . 4 8 9 7 . . . . . . Energy Gun 3 | . 14 14 10 2 . . . . . . . . . Ballistic Gun 8 | . 14 14 10 19 15 18 15 1 . . . . . Ballistic Cannon 2 | . . . . 4 8 9 9 . . . . . . Slashing Weapon 4 | . . . . . 1 . 2 12 7 7 7 6 7 Piercing Weapon 2 | . . . . . . . . 1 7 7 7 7 7 Naked Turns . | . . . . . . . . . . . . . . Heaviest Build 120 | 10 14 14 61 73 78 78 82 77 87 87 87 120 120 Greatest Support 40 | 20 20 20 30 40 36 36 36 36 34 34 34 36 36 Greatest Overweight (x) 25 | . . . 6 7 25 2 2 6 2 3 2 4 3 Average Overweight (x) 1 | . . . 1 1 2 2 1 2 2 2 2 2 3 Largest Inventory Capacity 32 | . 8 8 22 22 22 22 28 28 28 28 28 32 32 Average Capacity 23 | . 7 8 18 22 22 22 22 27 28 27 28 29 32 Most Carried 30 | . 8 7 22 22 22 22 25 25 28 28 28 30 25 Average Carried 21 | . 6 7 16 21 20 21 22 21 26 27 27 28 25 Final Capacity 32 | . . . . . . . . . . . . . 32 Final Carried 25 | . . . . . . . . . . . . . 25 Class Distribution -------------------- 48% | Bothacker-Mutant 15% | Scavenger-Mutant 11% | Scavenger-Tank 8% | Mutant 6% | Hauler-Tank 5% | Hauler-Mutant Dominant Class ---------------- Mutant | -10/Materials Mutant | -10/Mines Scavenger-Mutant | -9/Materials Hauler-Tank | -8/Materials Hauler-Tank | -8/Garrison Scavenger-Tank | -8/Materials Scavenger-Tank | -8/Garrison Bothacker-Mutant | -7/Factory Bothacker-Mutant | -7/Waste Bothacker-Mutant | -7/Factory Bothacker-Mutant | -7/Garrison Bothacker-Mutant | -7/Factory Bothacker-Mutant | -7/Garrison Resources | -11 -10 -10 -9 -8 -8 -8 -8 -7 -7 -7 -7 -7 -7 ----------- Run | Scr Mat Min Mat Mat Gar Mat Gar Fac Was Fac Gar Fac Gar Matter Collected 2615 | 200 16 3 282 674 623 . 378 319 20 30 20 50 . Remotely . | . . . . . . . . . . . . . . Salvage Created 3909 | . 94 29 871 614 655 . 378 685 . 185 40 306 52 Parts 243 | . 4 2 46 45 27 . 33 48 . 11 6 18 3 Haulers Intercepted 1 | . 1 . . . . . . . . . . . . Recyclers Shooed . | . . . . . . . . . . . . . . Parts Field Recycled . | . . . . . . . . . . . . . . Retrieved Matter . | . . . . . . . . . . . . . . Parts Self-Destructed . | . . . . . . . . . . . . . . Prevented . | . . . . . . . . . . . . . . Kills | -11 -10 -10 -9 -8 -8 -8 -8 -7 -7 -7 -7 -7 -7 ------- Run | Scr Mat Min Mat Mat Gar Mat Gar Fac Was Fac Gar Fac Gar Combat Hostiles Destroyed 100 | . 1 2 19 16 15 . 18 17 . 3 1 7 1 Melee 32 | . . . . . . . 3 17 . 3 1 7 1 Guns 50 | . 1 2 19 13 6 . 9 . . . . . . Cannons 18 | . . . . 3 9 . 6 . . . . . . Classes Destroyed 11 | . 2 1 3 2 . . . 2 . 1 . . . Builder 1 | . . . . . . . . . . 1 . . . Tunneler 1 | . . . . . . . . 1 . . . . . Hauler 1 | . 1 . . . . . . . . . . . . Watcher 1 | . . . . 1 . . . . . . . . . Swarmer 37 | . . 2 . 4 7 . 13 8 . . . 3 . Grunt 31 | . 1 . 12 5 8 . . 4 . . . 1 . Brawler 1 | . . . 1 . . . . . . . . . . Duelist 3 | . . . 1 1 . . . . . . . 1 . Sentry 18 | . . . 5 5 . . 4 2 . 1 . 1 . Hunter 5 | . . . . 1 . . 1 1 . 1 . . 1 Programmer 5 | . . . . . . . . 2 . 1 1 1 . Best Kill Streak 8 | . 1 2 6 4 8 . 7 4 . 1 1 3 1 Combat Bots Only 8 | . 1 2 6 4 8 . 7 4 . 1 1 3 1 Max Kills in Single Turn 2 | . 1 1 2 2 1 . 2 1 . 1 1 1 1 Gunslinging 1 | . . . 1 . . . . . . . . . . Exploded . | . . . . . . . . . . . . . . Melee 1 | . . . . . . . 1 1 . 1 1 1 1 Uniques/NPCs Destroyed . | . . . . . . . . . . . . . . Combat | -11 -10 -10 -9 -8 -8 -8 -8 -7 -7 -7 -7 -7 -7 -------- Run | Scr Mat Min Mat Mat Gar Mat Gar Fac Was Fac Gar Fac Gar Damage Taken 7528 | . 123 35 1343 1252 1155 29 639 1689 22 447 60 574 160 Core 1352 | . 19 7 187 219 110 15 94 338 . 154 . 175 34 Absorbed by Shields 64 | . . . . . 64 . . . . . . . . Core Remaining (%) 65 | 100 . 89 53 . . . 20 . . . . . . Volleys Fired 205 | . 6 3 66 57 45 . 28 . . . . . . Largest 3 | . 2 2 2 3 3 . 3 . . . . . . Hottest 123 | . 60 60 105 123 98 . 98 . . . . . . Shots Fired 495 | . 12 6 125 157 111 . 84 . . . . . . Gun 408 | . 12 6 125 135 74 . 56 . . . . . . Cannon 87 | . . . . 22 37 . 28 . . . . . . Launcher . | . . . . . . . . . . . . . . Special . | . . . . . . . . . . . . . . Kinetic 407 | . 6 3 59 144 111 . 84 . . . . . . Thermal 70 | . . . 57 13 . . . . . . . . . Explosive . | . . . . . . . . . . . . . . Electromagnetic 18 | . 6 3 9 . . . . . . . . . . Robot Hit Streak 15 | . 3 2 15 11 6 . 6 . . . . . . Robot Miss Streak 7 | . 1 1 3 7 5 . 3 . . . . . . Penetration Max . | . . . . . . . . . . . . . . Secondary Targets 1 | . . . 1 . . . . . . . . . . Max Gunslinging Chain 1 | . . . 1 . . . . . . . . . . Shots Hit Robots 399 | . 8 3 91 94 75 . 51 50 . 8 1 15 3 Core Hits 160 | . 3 3 30 36 29 . 23 22 . 4 1 8 1 Critical Hits 9 | . . . 1 1 3 . 2 1 . . . 1 . Critical Kills . | . . . . . . . . . . . . . . Critical Parts Destroyed 9 | . . . 1 1 3 . 2 1 . . . 1 . Melee Attacks 143 | . . . . . 18 . 12 69 . 12 2 27 3 Impact . | . . . . . . . . . . . . . . Slashing 118 | . . . . . 18 . 12 52 . 11 1 21 3 Piercing 20 | . . . . . . . . 12 . 1 1 6 . Sneak Attacks 5 | . . . . . . . . 4 . 1 . . . Combat Hostiles 2 | . . . . . . . . 2 . . . . . Follow-up Attacks 14 | . . . . . . . 2 10 . 1 . 1 . Damage Inflicted 9561 | . 122 24 1430 1524 2526 . 1034 1671 . 482 48 580 120 Guns 3986 | . 80 24 1430 1194 673 . 585 . . . . . . Cannons 1197 | . . . . 269 628 . 300 . . . . . . Explosions 42 | . 42 . . . . . . . . . . . . Melee 4275 | . . . . . 1225 . 149 1671 . 482 48 580 120 Ramming 61 | . . . . 61 . . . . . . . . . Kinetic 4169 | . 15 13 630 1325 1301 . 885 . . . . . . Thermal 926 | . 42 . 746 138 . . . . . . . . . Explosive . | . . . . . . . . . . . . . . Electromagnetic 130 | . 65 11 54 . . . . . . . . . . Impact . | . . . . . . . . . . . . . . Slashing 3800 | . . . . . 1225 . 149 1256 . 448 48 554 120 Piercing 475 | . . . . . . . . 415 . 34 . 26 . Highest Corruption 1 | . . . . . . . . . . . 1 1 1 Average Corruption 1 | . . . . . . . . . . . 1 1 1 Corruption Purged . | . . . . . . . . . . . . . . Effects 6 | . . . . . . . . . . . 1 4 1 Message Errors 4 | . . . . . . . . . . . . 3 1 Energy Discharges 1 | . . . . . . . . . . . . 1 . Data Loss (minor) 1 | . . . . . . . . . . . 1 . . Overload Shots . | . . . . . . . . . . . . . . Overflow Damage 191 | . . . . 9 68 . 23 77 . . . 14 . Projectiles 24 | . . . . 9 4 . 11 . . . . . . Explosions . | . . . . . . . . . . . . . . Melee 167 | . . . . . 64 . 12 77 . . . 14 . Knockbacks 9 | . . . . 4 2 . 3 . . . . . . Impact 1 | . . . . 1 . . . . . . . . . Kinetic 7 | . . . . 3 2 . 2 . . . . . . Secondary 1 | . . . . . . . 1 . . . . . . Self-Inflicted Damage 16 | . . . . 16 . . . . . . . . . Shots . | . . . . . . . . . . . . . . Rammed 3 | . . . . 3 . . . . . . . . . Targets Rammed 5 | . . . . 5 . . . . . . . . . Kicked 2 | . . . . 2 . . . . . . . . . Crushed . | . . . . . . . . . . . . . . Highest Temperature 422 | . 38 20 196 422 415 . 412 . . . . . . Average Temperature 129 | . 21 13 61 153 189 . 145 . . . . . . Received Heat Transfer 1995 | . 18 . 522 423 489 9 63 348 9 18 . 72 24 Effects 17 | . . . . 7 4 . 6 . . . . . . Shutdowns 5 | . . . . 2 2 . 1 . . . . . . Energy Bleed 2 | . . . . . 1 . 1 . . . . . . Interference 5 | . . . . 2 . . 3 . . . . . . Matter Decay 2 | . . . . 1 . . 1 . . . . . . Short Circuit 3 | . . . . 2 1 . . . . . . . . Siege Activations . | . . . . . . . . . . . . . . Robots Corrupted . | . . . . . . . . . . . . . . Combat Hostiles . | . . . . . . . . . . . . . . Parts Fried . | . . . . . . . . . . . . . . Impact Corruptions 1 | . . . . . . . 1 . . . . . . Robots Melted . | . . . . . . . . . . . . . . Combat Hostiles . | . . . . . . . . . . . . . . Parts Melted 4 | . . . 3 . . . . 1 . . . . . Heat Transferred 1923 | . 50 . 1665 208 . . . . . . . . . Parts Sabotaged . | . . . . . . . . . . . . . . Parts Stolen . | . . . . . . . . . . . . . . Parts Stripped . | . . . . . . . . . . . . . . Power Chain Reactions 1 | . 1 . . . . . . . . . . . . Missiles Intercepted . | . . . . . . . . . . . . . . Alert | -11 -10 -10 -9 -8 -8 -8 -8 -7 -7 -7 -7 -7 -7 ------- Run | Scr Mat Min Mat Mat Gar Mat Gar Fac Was Fac Gar Fac Gar Peak Influence 642 | . 40 81 217 267 625 319 642 461 129 253 66 155 131 Average Influence 171 | . 25 11 68 101 412 306 421 301 119 39 57 86 104 Maximum Alert Level 2 | . . . 1 1 2 1 2 2 . 1 . . . Low Security (%) 66 | . . . . . . . . . . . . . . Level 1 18 | . . . . . . . . . . . . . . Level 2 15 | . . . . . . . . . . . . . . Level 3 . | . . . . . . . . . . . . . . Level 4 . | . . . . . . . . . . . . . . Level 5 . | . . . . . . . . . . . . . . High Security . | . . . . . . . . . . . . . . Max Security . | . . . . . . . . . . . . . . Squads Dispatched 16 | . 2 . 3 1 . . . 5 . 2 . 3 . Investigation 4 | . 1 . 1 . . . . 1 . . . 1 . Extermination 3 | . . . . . . . . 2 . 1 . . . Reinforcement 8 | . 1 . 2 1 . . . 2 . 1 . 1 . Assault . | . . . . . . . . . . . . . . Garrison 1 | . . . . . . . . . . . . 1 . Intercept . | . . . . . . . . . . . . . . Construction Impeded . | . . . . . . . . . . . . . . Haulers Reinforced . | . . . . . . . . . . . . . . Stealth | -11 -10 -10 -9 -8 -8 -8 -8 -7 -7 -7 -7 -7 -7 --------- Run | Scr Mat Min Mat Mat Gar Mat Gar Fac Was Fac Gar Fac Gar Distress Signals 5 | . . . 1 4 . . . . . . . . . Communications Jammed . | . . . . . . . . . . . . . . Distress Signals . | . . . . . . . . . . . . . . Times Spotted 170 | . 8 3 30 26 16 1 18 35 6 7 1 12 7 Peak Tracking Total 8 | . 3 3 8 5 5 1 7 4 3 2 1 4 2 Tactical Retreats 17 | . 1 . 2 4 2 . 3 4 . . . . 1 Traps | -11 -10 -10 -9 -8 -8 -8 -8 -7 -7 -7 -7 -7 -7 ------- Run | Scr Mat Min Mat Mat Gar Mat Gar Fac Was Fac Gar Fac Gar Traps Triggered 31 | . 1 . 5 . 12 . 7 4 . 1 1 . . Indirectly . | . . . . . . . . . . . . . . Trap Hack Attempts 24 | . . . . . 24 . . . . . . . . Triggered 1 | . . . . . 1 . . . . . . . . Disarmed . | . . . . . . . . . . . . . . Reprogrammed 1 | . . . . . 1 . . . . . . . . Reused . | . . . . . . . . . . . . . . Traps Extracted . | . . . . . . . . . . . . . . Installed . | . . . . . . . . . . . . . . Triggered . | . . . . . . . . . . . . . . Machines | -11 -10 -10 -9 -8 -8 -8 -8 -7 -7 -7 -7 -7 -7 ---------- Run | Scr Mat Min Mat Mat Gar Mat Gar Fac Was Fac Gar Fac Gar Machines Disabled 8 | . . . 1 1 2 . 1 . . 3 . . . Max in Single Turn 1 | . . . 1 1 1 . 1 . . . . . . Garrison Relay 3 | . . . . . 2 . 1 . . . . . . Machines Sabotaged . | . . . . . . . . . . . . . . Garrisons Compromised . | . . . . . . . . . . . . . . Overloaded Fab Kills . | . . . . . . . . . . . . . . Fab Network Shutdowns . | . . . . . . . . . . . . . . Hacking | -11 -10 -10 -9 -8 -8 -8 -8 -7 -7 -7 -7 -7 -7 --------- Run | Scr Mat Min Mat Mat Gar Mat Gar Fac Was Fac Gar Fac Gar Machines Accessed 26 | . 3 . 5 4 . 2 . 3 . 6 . 3 . Terminals 13 | . 3 . 2 2 . 1 . 1 . 4 . . . Fabricators 2 | . . . . . . . . 1 . . . 1 . Repair Stations 4 | . . . 1 . . . . 1 . 1 . 1 . Recycling Units 2 | . . . 1 1 . . . . . . . . . Scanalyzers 1 | . . . 1 . . . . . . . . . . Garrison Access 4 | . . . . 1 . 1 . . . 1 . 1 . Total Hacks 78 | . 9 . 15 17 . 4 . 8 . 17 . 8 . Successful 54 | . 5 . 12 10 . 2 . 6 . 11 . 8 . Failed 24 | . 4 . 3 7 . 2 . 2 . 6 . . . Catastrophic 1 | . . . . . . . . 1 . . . . . Database Lockouts . | . . . . . . . . . . . . . . Manual 34 | . 9 . 6 8 . 2 . 2 . 7 . . . Terminals 44 | . 9 . 10 13 . 2 . 2 . 8 . . . Fabricators 8 | . . . . . . . . 4 . . . 4 . Repair Stations 12 | . . . 1 . . . . 2 . 7 . 2 . Recycling Units 4 | . . . 2 2 . . . . . . . . . Scanalyzers 2 | . . . 2 . . . . . . . . . . Garrison Access 8 | . . . . 2 . 2 . . . 2 . 2 . Terminal Hacks 9 | . . . 4 4 . . . . . 1 . . . Part Schematic 1 | . . . . 1 . . . . . . . . . Level Access Points 1 | . . . . 1 . . . . . . . . . Branch Access Points 2 | . . . 1 . . . . . . 1 . . . Alert Level 1 | . . . . 1 . . . . . . . . . Unreport Threat 1 | . . . 1 . . . . . . . . . . Locate Traps 1 | . . . 1 . . . . . . . . . . Zone Layout 2 | . . . 1 1 . . . . . . . . . Fabricator Hacks 7 | . . . . . . . . 3 . . . 4 . Load Schematic 2 | . . . . . . . . 1 . . . 1 . Build 5 | . . . . . . . . 2 . . . 3 . Repair Station Hacks 10 | . . . 1 . . . . 2 . 5 . 2 . Scan Component 6 | . . . 1 . . . . 1 . 3 . 1 . Repair 4 | . . . . . . . . 1 . 2 . 1 . Recycling Unit Hacks 1 | . . . 1 . . . . . . . . . . Retrieve Components 1 | . . . 1 . . . . . . . . . . Scanalyzer 2 | . . . 2 . . . . . . . . . . Insert Component 1 | . . . 1 . . . . . . . . . . Analyze 1 | . . . 1 . . . . . . . . . . Garrison Access Hacks 8 | . . . . 2 . 2 . . . 2 . 2 . Unlock Access 4 | . . . . 1 . 1 . . . 1 . 1 . Coupler Status 4 | . . . . 1 . 1 . . . 1 . 1 . Unauthorized Hacks 44 | . 13 . 8 9 . 2 . 3 . 9 . . . Terminals 16 | . 4 . 4 4 . . . 1 . 3 . . . Track 8 | . 2 . 2 2 . . . . . 2 . . . Botnet 8 | . 2 . 2 2 . . . 1 . 1 . . . Fabricators . | . . . . . . . . . . . . . . Repair Stations . | . . . . . . . . . . . . . . Recycling Units . | . . . . . . . . . . . . . . Scanalyzers . | . . . . . . . . . . . . . . Garrison Access . | . . . . . . . . . . . . . . Data Cores Recovered . | . . . . . . . . . . . . . . Used . | . . . . . . . . . . . . . . Hacking Detections 26 | . 3 . 4 4 . 2 . 3 . 7 . 3 . Full Trace Events 3 | . 1 . . . . 1 . . . . . 1 . Feedback Events . | . . . . . . . . . . . . . . Feedback Blocked . | . . . . . . . . . . . . . . Robot Schematics Acquired . | . . . . . . . . . . . . . . Robots Built . | . . . . . . . . . . . . . . Matter . | . . . . . . . . . . . . . . Time . | . . . . . . . . . . . . . . Total Robot Build Rating . | . . . . . . . . . . . . . . Part Schematics Acquired 2 | . . . 1 1 . . . . . . . . . Parts Built 7 | . . . . . . . . 4 . . . 3 . Matter 554 | . . . . . . . . 248 . . . 306 . Time 277 | . . . . . . . . 124 . . . 153 . Total Part Build Rating 11 | . . . . . . . . 8 . . . 3 . Parts Repaired 4 | . . . . . . . . 1 . 2 . 1 . Time 104 | . . . . . . . . 26 . 52 . 26 . Parts Recycled . | . . . . . . . . . . . . . . Recycled Matter . | . . . . . . . . . . . . . . Retrieved Matter . | . . . . . . . . . . . . . . Retrieved Components 9 | . . . 9 . . . . . . . . . . Parts Scanalyzed 1 | . . . 1 . . . . . . . . . . Part Schematics Acquired 1 | . . . 1 . . . . . . . . . . Parts Damaged . | . . . . . . . . . . . . . . Bothacking | -11 -10 -10 -9 -8 -8 -8 -8 -7 -7 -7 -7 -7 -7 ------------ Run | Scr Mat Min Mat Mat Gar Mat Gar Fac Was Fac Gar Fac Gar Used RIF Installer 3 | . . . . . 1 . 1 . . . 1 . . Coupler Efficiency 1 | . . . . . . . . . . . 1 . . Robot Detection 1 | . . . . . . . 1 . . . . . . Robots Hacked 2 | . . . . . . . . 2 . . . . . Non-combat . | . . . . . . . . . . . . . . Combat 2 | . . . . . . . . 2 . . . . . Robot Hacks Applied 3 | . . . . . . . . 3 . . . . . parse_system 1 | . . . . . . . . 1 . . . . . reboot_system 1 | . . . . . . . . 1 . . . . . formatsys_high 1 | . . . . . . . . 1 . . . . . Relay Couplers Released 12 | . . . . . 8 . 4 . . . . . . Machine Destruction 12 | . . . . . 8 . 4 . . . . . . Attached 3 | . . . . . . . . 3 . . . . . Robots Rewired . | . . . . . . . . . . . . . . Allies Hacked . | . . . . . . . . . . . . . . Hacks Repelled . | . . . . . . . . . . . . . . Allies | -11 -10 -10 -9 -8 -8 -8 -8 -7 -7 -7 -7 -7 -7 -------- Run | Scr Mat Min Mat Mat Gar Mat Gar Fac Was Fac Gar Fac Gar Total Allies 22 | . . 3 . . . . . 1 18 . . . . Largest Group 18 | . . 3 3 . . . . 1 18 12 . . . Highest-Rated Group 446 | . . 40 40 . . . . 16 446 341 . . . Highest-Rated Ally 35 | . . 16 16 . . . . 16 35 35 . . . Total Orders . | . . . . . . . . . . . . . . Ally Attacks 167 | . . 4 9 . . . . 2 132 20 . . . Total Damage 5617 | . . 29 97 . . . . 16 3949 1526 . . . Kills 23 | . . 1 3 . . . . . 11 8 . . . Allies Corrupted . | . . . . . . . . . . . . . . Allies Melted . | . . . . . . . . . . . . . . Intel | -11 -10 -10 -9 -8 -8 -8 -8 -7 -7 -7 -7 -7 -7 ------- Run | Scr Mat Min Mat Mat Gar Mat Gar Fac Was Fac Gar Fac Gar Robot Analysis Total . | . . . . . . . . . . . . . . Derelict Logs Recovered . | . . . . . . . . . . . . . . Drone Launches . | . . . . . . . . . . . . . . Drone Recoveries . | . . . . . . . . . . . . . . Exploration | -11 -10 -10 -9 -8 -8 -8 -8 -7 -7 -7 -7 -7 -7 ------------- Run | Scr Mat Min Mat Mat Gar Mat Gar Fac Was Fac Gar Fac Gar Turns Passed 7893 | . 415 101 1336 886 684 82 687 1310 402 1092 214 592 92 Spaces Moved 4851 | 1 308 75 609 464 277 74 435 914 337 827 158 308 64 Core 1 | . . . . . 1 . . . . . . . . Treads . | . . . . . . . . . . . . . . Legs 1288 | 1 308 75 609 295 . . . . . . . . . Wheels 3562 | . . . . 169 276 74 435 914 337 827 158 308 64 Hover . | . . . . . . . . . . . . . . Flight . | . . . . . . . . . . . . . . Fastest Speed 100 | 120 120 120 120 100 100 110 100 100 106 103 106 106 120 Average Speed 120 | 120 120 120 166 140 109 110 109 111 106 104 106 113 120 Slowest Speed 1300 | 120 120 120 300 300 1300 110 110 150 106 115 106 130 120 Overloaded Moves . | . . . . . . . . . . . . . . Propulsion Burnouts . | . . . . . . . . . . . . . . Robots Hopped . | . . . . . . . . . . . . . . Cave-ins Triggered . | . . . . . . . . . . . . . . Exploration Rate (%) 34 | 2 49 17 46 55 45 12 59 26 88 26 31 8 17 Regions Visited 13 Branch Regions 1 Pre-discovered Areas . | . . . . . . . . . . . . . . Known Exits Taken 4 | . . . . 1 . 1 . . . 1 . 1 . Unknown Exits Taken 4 | 1 1 1 1 . . . . . . . . . . Scrap Searched . | . . . . . . . . . . . . . . Spaces Dug 2 | . . . . . . . . 1 . 1 . . . Terrain Destroyed 18 | . 6 . . 10 . . . 1 . 1 . . . Melee 2 | . . . . . . . . 1 . 1 . . . Projectile 10 | . . . . 10 . . . . . . . . . AOE 6 | . 6 . . . . . . . . . . . . Actions | -11 -10 -10 -9 -8 -8 -8 -8 -7 -7 -7 -7 -7 -7 --------- Run | Scr Mat Min Mat Mat Gar Mat Gar Fac Was Fac Gar Fac Gar Total 6366 | . 343 80 807 601 555 74 577 1118 383 1035 202 515 76 Wait 770 | . 24 3 73 28 71 . 43 105 33 181 35 165 9 Move 4836 | . 307 74 608 463 275 73 433 914 336 826 156 307 64 Hop . | . . . . . . . . . . . . . . Pick Up 104 | . 3 . 29 16 8 1 4 16 8 8 1 10 . Fast Attach 31 | . 1 . 11 7 3 . . 4 1 3 . 1 . Attach 45 | . . . 7 8 6 . 1 17 . . . 6 . Detach 1 | . . . . . . . . 1 . . . . . Swap 20 | . . . 3 3 6 . 2 2 . 2 . 2 . Drop 50 | . 2 . 10 14 8 . . 3 5 4 1 3 . Fire 205 | . 6 3 66 57 45 . 28 . . . . . . Melee 119 | . . . . . 18 . 10 55 . 11 1 21 3 Ram 3 | . . . . 3 . . . . . . . . . Kick 2 | . . . . 2 . . . . . . . . . Crush . | . . . . . . . . . . . . . . Escape Stasis 155 | . . . . . 91 . 56 . . . 8 . . Rewire 1 | . . . . . . . . 1 . . . . . Trap 24 | . . . . . 24 . . . . . . . . Miscellaneous . | . . . . . . . . . . . . . . Route ------- -11/Scrapyard -10/Materials (discovered 2 exits: *Mat / [*Min]) -10/Mines -9/Materials (discovered 2 exits: *Mat / *Min) -8/Materials (discovered 4 exits: Fac x3 / Gar) -8/Garrison -8/Materials -8/Garrison (discovered 3 exits: *Fac x3) -7/Factory (discovered 3 exits: [*Fac x2] / *Low) -7/Waste -7/Factory (discovered 3 exits: *Low x2 / Gar) -7/Garrison -7/Factory -7/Garrison History --------- Turn | Location | Event 1 | -11/Scrapyard | Discovered new exit (range 0) 1 | -11/Scrapyard | Entered Materials 224 | -10/Materials | Discovered new exit (range 6) 313 | -10/Materials | Build established: Mutant 388 | -10/Materials | Discovered new exit (range 16) 416 | -10/Materials | Entered Mines 421 | -10/Mines | Assisted by bots powering up and referring to "LRC-V3" 506 | -10/Mines | Discovered new exit (range 6) 517 | -10/Mines | Entered Materials 517 | -9/Materials | Accompanied by 3 allies 517 | -9/Materials | Evolved 2 slots: Propulsion x1, Utility x1 617 | -9/Materials | Lost 3 parts (1n2w) 901 | -9/Materials | Lost 4 parts (1p1n2w) 1163 | -9/Materials | Identified exit to Mines 1186 | -9/Materials | Build established: Scavenger-Mutant 1806 | -9/Materials | Discovered new exit (range 16) 1853 | -9/Materials | Entered another Materials area 1853 | -8/Materials | Evolved 2 slots: Utility x1, Weapon x1 2059 | -8/Materials | Lost 4 parts (2n2w) 2498 | -8/Materials | Discovered new exit (range 13) 2498 | -8/Materials | Identified exit to Factory 2738 | -8/Materials | Identified exit to Garrison 2739 | -8/Materials | Entered Garrison 2764 | -8/Garrison | Triggered checkpoint 2769 | -8/Garrison | Build established: Hauler-Tank 2789 | -8/Garrison | Garrison Relay disabled 2832 | -8/Garrison | Triggered checkpoint 2970 | -8/Garrison | Triggered checkpoint 3026 | -8/Garrison | Destroyed 8 combat bots 3053 | -8/Garrison | Core integrity fell below 50% 3247 | -8/Garrison | Discovered new exit (range 8) 3270 | -8/Garrison | Installed Relay Interface Framework 3328 | -8/Garrison | Triggered checkpoint 3385 | -8/Garrison | Garrison Relay disabled 3423 | -8/Garrison | Entered Materials 3504 | -8/Materials | Identified exit to Garrison 3505 | -8/Materials | Entered Garrison 3552 | -8/Garrison | Triggered checkpoint 3626 | -8/Garrison | Triggered checkpoint 3669 | -8/Garrison | Destroyed 7 combat bots 3707 | -8/Garrison | Build established: Scavenger-Tank 3791 | -8/Garrison | Discovered exit to Factory (range 9) 3852 | -8/Garrison | Triggered checkpoint 3898 | -8/Garrison | Discovered exit to Factory (range 15) 3986 | -8/Garrison | Triggered checkpoint 4041 | -8/Garrison | Discovered exit to Factory (range 10) 4057 | -8/Garrison | Expanded RIF knowledge: Robot Detection 4074 | -8/Garrison | Triggered checkpoint 4153 | -8/Garrison | Garrison Relay disabled 4192 | -8/Garrison | Entered Factory 4192 | -7/Factory | Evolved 2 slots: Utility x2 4387 | -7/Factory | Build established: Bothacker-Mutant 4551 | -7/Factory | Discovered new exit (range 7) 4650 | -7/Factory | Repaired Lrg. Storage Unit 4800 | -7/Factory | Fabricated Arm. Wheel? 4881 | -7/Factory | Fabricated Arm. Wheel? 4962 | -7/Factory | Lost 7 parts (2p3n1u1w) 5072 | -7/Factory | Discovered new exit (range 8) 5271 | -7/Factory | Discovered new exit (range 15) 5502 | -7/Factory | Sucked down chute 5502 | -7/Factory | Entered Waste 5509 | -7/Waste | Spotted C-40 Crusher 5515 | -7/Waste | Spotted C-40 Crusher 5540 | -7/Waste | Warlord forces began an assault 5545 | -7/Waste | Allies destroyed C-40 Crusher 5548 | -7/Waste | Allies destroyed C-40 Crusher 5549 | -7/Waste | Spotted C-40 Crusher 5553 | -7/Waste | Allies destroyed C-40 Crusher 5581 | -7/Waste | Spotted C-40 Crusher 5581 | -7/Waste | Spotted C-40 Crusher 5590 | -7/Waste | Allies destroyed C-40 Crusher 5592 | -7/Waste | Spotted C-40 Crusher 5598 | -7/Waste | Allies destroyed C-40 Crusher 5601 | -7/Waste | Allies destroyed C-40 Crusher 5645 | -7/Waste | Discovered new exit (range 13) 5904 | -7/Waste | Entered Factory 5904 | -7/Factory | Accompanied by 12 allies 5973 | -7/Factory | Core integrity fell below 50% 6532 | -7/Factory | Discovered new exit (range 12) 6538 | -7/Factory | Identified exit to Lower Caves 6590 | -7/Factory | Repaired Lrg. Storage Unit 6620 | -7/Factory | Repaired Lrg. Storage Unit 6995 | -7/Factory | Identified exit to Garrison 6996 | -7/Factory | Entered Garrison 7128 | -7/Garrison | Triggered checkpoint 7159 | -7/Garrison | Discovered new exit (range 12) 7177 | -7/Garrison | Expanded RIF knowledge: Coupler Efficiency 7210 | -7/Garrison | Entered Factory 7290 | -7/Factory | Repaired Lrg. Storage Unit 7467 | -7/Factory | Fabricated Hcp. Storage Unit (x1) 7524 | -7/Factory | Fabricated Hcp. Storage Unit (x1) 7582 | -7/Factory | Fabricated Hcp. Storage Unit? 7611 | -7/Factory | Core integrity fell below 20% 7643 | -7/Factory | Lost 3 parts (1p1n1w) 7720 | -7/Factory | Garrison activated, responded to threat 7795 | -7/Factory | Identified exit to Garrison 7802 | -7/Factory | Entered Garrison 7894 | -7/Garrison | Destroyed by S-27 Virus with Autogun Last Messages --------------- 07790_ Lrg. Storage Unit damaged (-165). 07795_ Connecting with Garrison Access... >>Unlock Access door unlocked. 07795_ EXIT=UNLOCKED: GARRISON >>Couplers Installed: Relay Coupler [Hunter] (15) Relay Coupler [Hunter] (15) Relay Coupler [Swarmer] (34) LOCATION=GARRISON GOAL=ESCAPE 07861_ Slug penetrates Wall. 07864_ XT>GNIDMRBHYV=&OBYLBNNJNYPMJN=O&C 07880_ Slug penetrates Wall. 07883_ Penetrated by Slug. 07883_ H-55 Commando destroyed. 07893_ Arm. Wheel destroyed. 07894_ C-30 ARC bursts open, deploying its payload. 07894_ S-27 Virus unfolds itself. Map ----- +----------------------------------------------------+ | ?????????????????????????????????????????????????? | | ?????????????????????????????????????????????????? | | ?????????????????????????????????????????????????? | | ?????????????????????????????????????????????????? | | ???????????????YY????????????????????????????????? | | ???????????????##????????????????????????????????? | | ??????????????? ????????????????????????????????? | | ??????????????? ????????????????????????????????? | | #####?????????# #???????????????????????g???????? | | #?????????# #???????????????????????????????? | | #?????????# #???????????????????????????????? | | #?????????# #???????????????????????????????? | | ## #?????????# "???????????????????????????????? | | ?# #?????????# "Y??????????????????????????????? | | ?# #?????????# "???????????????????????????????? | | ?# #?????????# #???????????????????????????????? | | ?# #?????????# #???????????????????????????????? | | ?# ########### ###########?????????????????????? | | ?# #?????????????????????? | | ?# ss+?????????????????????? | | ?###### ####### ########s%#?????????????????????? | | ??????! !#????# #??????# =#?????????????????????? | | ?????#! !#????# #??????#!s#?????????????????????? | | ?????#! !#????# #??????# =#?????????????????????? | | ?????#####????# #??????# #?????????????????????? | | ??????????????# #??????+@ #?????????????????????? | | ??????????????# #??????#Y #?????????????????????? | | ??????????????# #??????# #?????????????????????? | | ??????????????#^ #?????? ????????????????????? | | ??????????????# ????? ???????????????????? | | ??????????????# ???? ??????????????????? | | ??????????????#####???## ## ????????????????? | | ???????????????????????# #? #???????????????? | | ???????????????????????" ?? ????g?????????? | | ???????????????????????" ?? ???g?????????? | | ??????????????????????g" ??? ??g?????????? | | ??????????????????????g" ??? ????????????? | | ???????????????????????# ##??? ## ????????????? | | ???????????????????????# #?????????????????????? | | ??????????????????????? ??????????????????????? | | ???????????????????????? ??????????????????????? | | ???????????????????????? ??????????????????????? | | ?????????????????????????????????????????????????? | | ?????????????????????????????????????????????????? | | ?????????????????????????????????????????????????? | | ?????????????????????????????????????????????????? | | ?????????????????????????????????????????????????? | | ?????????????????????????????????????????????????? | | ?????????????????????????????????????????????????? | | ?????????????????????????????????????????????????? | +----------------------------------------------------+ Best States ------------- Heat Dissipation 34 Energy Generation 21 Energy Capacity 325 Matter Stores 300 Matter Capacity 300 Sight Range 16 Terrain Scan Density 10 Armor Coverage 150 Resistance: KI 20 Evasion (%) 40 Item Schematics ----------------- Arm. Wheel | -9/Materials | Scanalyzed Hcp. Storage Unit | -8/Materials | Hacked Robot Schematics ------------------ None Fabricated ------------ Arm. Wheel | x2 | -7/Factory Arm. Wheel | x2 | -7/Factory Hcp. Storage Unit | x1 | -7/Factory Hcp. Storage Unit | x1 | -7/Factory Hcp. Storage Unit | x1 | -7/Factory Alien Tech Used ----------------- None Achievements -------------- Assimilation Complete Factory Defaults Hehehe Packrat Challenges ------------ None Game ------ Seed PowerSystemRouter Manual? 0 Play Time 01:54:01 Cumulative 310.4 hours Start 2019.10.27 @ 18:59:36 End 2019.10.28 @ 19:53:03 Sessions 3 Manual Loads 0 Difficulty Rogue Special Mode None Game No. 36 Rogue 36 Adventurer 0 Explorer 0 Win Type - Total 0 Types 0/0/0/0/0/0/0 Lore% 15 Gallery% 36 Achievement% 19 Wizard Run 0 Options --------- ASCII 0 Keyboard 0 Movement Numpad Keybinds 0 Fullscreen 1 Font 18/SmallcapsGlow Map View 76x50 Tactical HUD 1 Map Filters NONE Filters NONE Steam 1 RUN: 023869a4-c7c0-4034-aa53-43de6b18fd2d